 Dungeon Crawl Stone Soup version 0.17.1-2-g5865329 (webtiles) character file.

851 Kloppie the Skirmisher (level 8, -2/76 HPs)
             Began as a Gargoyle Berserker on Jan 13, 2016.
             Was a Priest of Trog.
             Slain by an orc warrior
             ... wielding a +0 trident
              (4 damage)
             ... on level 6 of the Dungeon.
             The game lasted 00:08:32 (4128 turns).

Kloppie the Skirmisher (Gargoyle Berserker)         Turns: 4128, Time: 00:08:32

Health: -2/76      AC: 17    Str: 28    XL:     8   Next: 1%
Magic:  8/8        EV: 10    Int:  8    God:    Trog [***...]
Gold:   233        SH:  0    Dex: 13    Spells: 0 memorised, 7 levels left

rFire  . . .     SeeInvis .     a - +0 mace
rCold  . . .     Clarity  .     F - +0 chain mail (curse)
rNeg   + . .     SustAt   .     (no shield)
rPois  ∞         Gourm    .     E - +0 helmet
rElec  +         Spirit   .     m - +0 cloak (curse)
rCorr  +         Warding  .     (no gloves)
rMut   .         Stasis   .     (no boots)
MR     .....                    u - amulet of resist corrosion
Stlth  ..........               v - +2 ring of strength
                                b - +2 ring of slaying

@: berserking, very quick, not resistant to hostile enchantments, extremely
unstealthy
A: thin skeletal structure 1, negative energy resistance 1, electricity
resistance, unbreathing, petrification resistance, rot immunity, AC +5
a: Berserk, Trog's Hand, Burn Spellbooks, Renounce Religion


You were on level 6 of the Dungeon.
You worshipped Trog.
Trog was most pleased with you.
You were very hungry.

You visited 1 branch of the dungeon, and saw 6 of its levels.

You collected 233 gold pieces.

Inventory:

Hand Weapons
 a - a +0 mace (weapon)
Armour
 m - a cursed +0 cloak (worn)
 E - a +0 helmet (worn)
 F - a cursed +0 chain mail (worn)
Jewellery
 b - a +2 ring of slaying (left hand)
 k - an uncursed ring of ice
 u - an amulet of resist corrosion (around neck)
 v - a +2 ring of strength (right hand)
Wands
 l - a wand of slowing (15)
Scrolls
 d - a scroll of random uselessness {unknown}
 e - a scroll of fog {unknown}
 j - 4 scrolls of enchant weapon {unknown}
 n - 2 scrolls of recharging {unknown}
 q - 6 scrolls of remove curse {unknown}
 w - a scroll of immolation {unknown}
 y - a scroll of blinking {unknown}
 z - 3 scrolls of amnesia {unknown}
 C - a scroll of fear {unknown}
Potions
 f - a potion of magic
 h - a potion of heal wounds
 i - a potion of invisibility
 r - 2 potions of curing {unknown}
 s - a potion of resistance
 t - a potion of might
 A - a potion of cancellation {unknown}
 B - a potion of lignification {unknown}
 D - 2 potions of agility {unknown}
Comestibles
 c - 7 bread rations
 o - 2 meat rations


   Skills:
 + Level 6.0 Fighting
 + Level 5.6 Maces & Flails
 + Level 5.7 Armour
 - Level 2.7 Dodging


You had 7 spell levels left.
You didn't know any spells.

Dungeon Overview and Level Annotations

Branches:
Dungeon (6/15)             Temple (0/1) D:5

Altars:
Cheibriados
Vehumet


Innate Abilities, Weirdness & Mutations

You are resistant to torment.
Your stone body is resilient (AC +5).
You are immune to poison.
You resist negative energy.
You are resistant to electric shocks.
You can survive without breathing.
You are immune to petrification.
You are immune to rotting.
You have a somewhat thin skeletal structure (Dex +2, Stealth).


Message History

* * * LOW HITPOINT WARNING * * *
You barely miss the orc warrior.
The orc warrior is severely wounded.
The orc warrior hits you with a trident!
* * * LOW HITPOINT WARNING * * *
The crimson imp hits you but does no damage.
You closely miss the orc warrior.
The orc warrior is severely wounded.
The orc warrior hits you but does no damage.
The crimson imp hits you but does no damage.
A red film seems to cover your vision as you go berserk!
You feel yourself moving faster!
You feel mighty!
You are feeling very hungry.
The orc warrior hits you with a trident!
* * * LOW HITPOINT WARNING * * *
The crimson imp hits you but does no damage.
You hit the orc warrior.
The orc warrior is almost dead.
The orc warrior hits you with a trident.
You die...

###...##
......
#.....
.....
##...#
....#
#o.######.
#.@.......
##.5.######
##.....##
##.....).##
#.........#
+.........+
#.........#
##..)....##
##.....##


You could see an orc warrior and a crimson imp.

Vanquished Creatures
  The ghost of Herrn the Chopper, an amateur FoSk (D:3)
  An ogre (D:5)
  3 crimson imps
  A giant frog zombie (D:5)
  4 worker ants
  An iguana (D:4)
  4 orc wizards
  3 orc priests
  8 adders
  3 oozes
  An adder zombie (D:5)
  2 worms
  5 giant geckos
  12 orcs
  2 giant cockroaches
  6 goblins
  6 hobgoblins
  A ball python (D:5)
  8 bats
  A giant gecko skeleton (D:4)
  4 giant newts (D:2)
  5 jackals
  10 kobolds
  6 rats
98 creatures vanquished.

Notes
Turn   | Place    | Note
--------------------------------------------------------------
     0 | D:1      | Kloppie the Gargoyle Berserker began the quest for the Orb.
     0 | D:1      | Reached XP level 1. HP: 14/14 MP: 1/1
   306 | D:1      | Reached XP level 2. HP: 19/19 MP: 2/2
   846 | D:2      | Reached XP level 3. HP: 18/23 MP: 3/3
   890 | D:2      | Reached ** piety under Trog
  1401 | D:3      | Reached XP level 4. HP: 29/29 MP: 4/4
  1434 | D:3      | Noticed Herrn's ghost (amateur FoSk)
  1445 | D:3      | Killed Herrn's ghost
  1445 | D:3      | Reached skill level 4 in Fighting
  1445 | D:3      | Reached XP level 5. HP: 34/34 MP: 5/5
  1867 | D:3      | Reached XP level 6. HP: 22/39 MP: 6/6
  2248 | D:3      | Reached *** piety under Trog
  2523 | D:4      | Reached skill level 5 in Fighting
  2542 | D:4      | Reached XP level 7. HP: 36/44 MP: 7/7
  2983 | D:5      | Entered Level 5 of the Dungeon
  2993 | D:5      | Reached skill level 5 in Maces & Flails
  3021 | D:5      | Reached skill level 5 in Armour
  3206 | D:5      | Found a staircase to the Ecumenical Temple.
  3809 | D:5      | Reached skill level 6 in Fighting
  3809 | D:5      | Reached XP level 8. HP: 46/51 MP: 8/8
  3945 | D:5      | Found a radiant altar of Vehumet.
  3945 | D:5      | Found a snail-covered altar of Cheibriados.
  4078 | D:5      | Gained mutation: You have a somewhat thin skeletal structure (Dex +2, Stealth). [potion of beneficial mutation]
  4127 | D:6      | HP: 2/76 [orc warrior/trident (13)]
  4128 | D:6      | Slain by an orc warrior

Action                   |  1- 3 |  4- 6 |  7- 9 || total
-------------------------+-------+-------+-------++-------
Melee: Mace              |   137 |   134 |   167 ||   438
Invok: Berserk           |       |     2 |     3 ||     5
  Use: Scroll            |       |       |     7 ||     7
       Potion            |       |       |     1 ||     1
  Eat: Chunk             |     2 |     5 |     2 ||     9
       Meat ration       |       |       |     1 ||     1
